 Dungeon Crawl Stone Soup version 0.31-a0-521-gc7390f8997 (webtiles) character file.

Game seed: 12485768563907809837

380 jasper the Changeling (level 6, 0/30 HPs)
             Began as a Spriggan Shapeshifter on Aug 10, 2023.
             Was a Believer of Wu Jian.
             Slain by a black bear (11 damage)
             ... on level 6 of the Dungeon.
             The game lasted 00:05:39 (3672 turns).

jasper the Changeling (Spriggan Shapeshifter)       Turns: 3672, Time: 00:05:40

Health: 0/30       AC:  3    Str: 11    XL:     6   Next: 46%
Magic:  7/7        EV: 19    Int: 10    God:    Wu Jian [**....]
Gold:   164        SH:  0    Dex: 17    Spells: 5/5 levels left

rFire   . .          .
                       - Unarmed
rCold   . . .        (no shield)
rNeg    . . .        a - +1 animal skin
rPois   .            (helmet currently unavailable)
rElec   .            (cloak currently unavailable)
rCorr   .            (gloves unavailable)
SInv    +            (boots unavailable)
Will    ++...        f - amulet of the acrobat
Stlth   +++          g - ring of willpower
HPRegen 0.25/turn    (no ring)
MPRegen 0.10/turn

%: acrobat
@: beast-form, very quick
A: beast (slay +4), very small, no large weapons, unfitting armour, see
invisible, speed 3
a: Begin Untransformation, Renounce Religion, Wall Jump


You were on level 6 of the Dungeon.
You worshipped Wu Jian.
Wu Jian was pleased with you.
You were a hulking beast.
You visited 1 branch of the dungeon, and saw 6 of its levels.

You collected 164 gold pieces.

Inventory:

Missiles
 e - 48 stones (quivered)
 q - 4 poisoned darts
 s - 2 curare-tipped darts
Armour
 a - a +1 animal skin (worn)
 b - a +0 hat
Jewellery
 f - an amulet of the acrobat (around neck)
 g - a ring of willpower (left hand)
 p - a ring of resist corrosion
 r - a ring of willpower
Talismans
 c - a beast talisman (active)
 d - a flux talisman
Wands
 l - a wand of mindburst (4)
 o - a wand of flame (16)
Scrolls
 i - 5 scrolls of teleportation
 j - 2 scrolls of identify
 k - a scroll of enchant armour
 m - 2 scrolls of enchant weapon
Potions
 h - 2 potions of mutation
 n - a potion of heal wounds {unknown}


   Skills:
 + Level 2.1 Fighting
 + Level 4.3 Dodging
 + Level 3.9 Stealth
 + Level 3.2 Unarmed Combat
 - Level 6.0 Shapeshifting


You had 5 spell levels left.
You didn't know any spells.
Your spell library contained the following spells:

 Spells                   Type           Power      Damage    Failure   Level
 Blink                    Tloc           0%         N/A       50%         2
 Lesser Beckoning         Tloc           0%         N/A       50%         2
 Momentum Strike          Conj/Tloc      0%         3d8       50%         2
 Call Canine Familiar     Summ           0%         N/A       75%         3
 Portal Projectile        Hex/Tloc       0%         N/A       75%         3
 Leda's Liquefaction      Hex/Erth       0%         N/A       98%         4
 Conjure Ball Lightning   Conj/Air       0%         3x3d6     100%        6
 Discord                  Hex            0%         N/A       100%        8
 Disjunction              Tloc           0%         N/A       100%        8


Dungeon Overview and Level Annotations

Branches:
Dungeon (6/15)             Temple (0/1) D:5

Altars:
Cheibriados
Dithmenos
Kikubaaqudgha
Wu Jian
Xom
Yredelemnul

Shops:
D:1 :

Portals:
Abyss: D:6

Annotations:
D:6 1 transporter, whermst's ghost, weakling KoDe


Innate Abilities, Weirdness & Mutations

You are a hulking beast.
Your limbs bulge with bestial killing power. (Slay +4)
You are very small and have problems with some larger weapons.
You are too small for most types of armour.
You have supernaturally acute eyesight. (SInv)
You cover ground extremely quickly. (Speed+++)


Message History

You barely miss the black bear.
The black bear is moderately wounded.
The black bear bites you.
The black bear claws you but does no damage.
The black bear closely misses you.
You take 6 damage, and have 24/30 hp.
You hit the black bear.
The black bear is moderately wounded.
The black bear closely misses you. The black bear misses you. x2
You hit the black bear.
The black bear is heavily wounded.
The black bear bites you! The black bear closely misses you.
The black bear claws you.
You take 9 damage, and have 15/30 hp.
MASSIVE DAMAGE!!
You hit the black bear.
The black bear is severely wounded.
The black bear barely misses you.
The black bear claws you but does no damage.
The black bear barely misses you.
You hit the black bear.
The black bear is almost dead.
The black bear barely misses you.
The black bear claws you but does no damage.
The black bear misses you.
You hit the black bear.
The black bear is almost dead.
The black bear misses you. The black bear closely misses you.
The black bear misses you.
You hit the black bear but do no damage.
The black bear is almost dead.
The black bear goes berserk!
You hit the black bear but do no damage.
The black bear is almost dead.
The black bear bites you. The black bear completely misses you.
The black bear claws you.
You take 5 damage, and have 11/30 hp.
You hit the black bear.
The black bear is almost dead.
The black bear bites you!
You die...

.###### ....... .......
.. ....... ... .......
...####### .......
....#....######h...#
........#....h.#
#...........# ..
#....#......# ...
###.##......#
...####.######......
#........# #......
##........#####......#
##.............#......#
#©.............#......#


You could see a black bear (berserk).

Vanquished Creatures
  A kobold brigand (D:5)
  A howler monkey (D:5)
  2 hounds
  An iguana (D:6)
  Ijyb (D:5)
  2 adders
  7 gnolls
  A worm (D:2)
  2 dart slugs (D:3)
  4 orcs (D:5)
  A ball python (D:2)
  4 bats
  7 endoplasms
  2 giant cockroaches
  4 goblins
  9 hobgoblins
  6 jackals (D:2)
  9 kobolds
  2 quokkas (D:2)
  2 frilled lizards
  2 rats
70 creatures vanquished.

Notes
Turn   | Place    | Note
-------+----------+-------------------------------------------
     0 | D:1      | jasper the Spriggan Shapeshifter began the quest for the
                  | Orb.
     0 | D:1      | Reached XP level 1. HP: 9/9 MP: 2/2
    95 | D:1      | Found Jimees's Book Shop.
   483 | D:1      | Reached XP level 2. HP: 14/14 MP: 3/3
   898 | D:2      | Reached skill level 5 in Shapeshifting
   934 | D:2      | Reached XP level 3. HP: 13/17 MP: 4/4
  1122 | D:2      | Reached XP level 4. HP: 21/21 MP: 5/5
  1138 | D:2      | Reached skill level 6 in Shapeshifting
  1304 | D:2      | Found a faded altar of an unknown god.
  1369 | D:2      | Prayed at the altar of an unknown god.
  1369 | D:2      | Became a worshipper of the Wu Jian Council
  1369 | D:2      | Reached * piety under Wu Jian
  1583 | D:2      | Reached skill level 1 in Fighting
  1768 | D:3      | Found a basalt altar of Yredelemnul.
  1784 | D:3      | Reached skill level 1 in Stealth
  2744 | D:4      | Reached XP level 5. HP: 25/25 MP: 6/6
  2749 | D:5      | Entered Level 5 of the Dungeon
  2876 | D:5      | Found a shadowy altar of Dithmenos.
  2876 | D:5      | Found an ornate altar of the Wu Jian Council.
  2880 | D:5      | Found a shimmering altar of Xom.
  2880 | D:5      | Found an ancient bone altar of Kikubaaqudgha.
  2947 | D:5      | Noticed Ijyb
  2962 | D:5      | Reached ** piety under Wu Jian
  2969 | D:5      | Killed Ijyb
  2970 | D:5      | Reached XP level 6. HP: 30/30 MP: 7/7
  3027 | D:5      | Found a staircase to the Ecumenical Temple.
  3420 | D:6      | Found a snail-covered altar of Cheibriados.
  3441 | D:6      | Noticed a small abomination
  3459 | D:6      | Found a one-way gate to the infinite horrors of the Abyss.
  3459 | D:6      | Noticed whermst's ghost (weakling KoDe)
  3459 | D:6      | Noticed an orc warrior
  3460 | D:6      | Noticed a white ugly thing
  3587 | D:6      | Found a transporter.
  3672 | D:6      | Slain by a black bear

Illustrated notes

Levels and vault maps discovered:
D:1:      dpeg_arrival_shrine, layout_loops_cross, serial_shops, shop
D:2:      layout_loops_ring, ebering_ecumenical_altar_sacrificial
D:3:      layout_basic, mainiacjoe_overflow_chevrons
D:4:      layout_layer_cave, nicolae_elevator_lobby_plus
D:5:      layout_cave_pools, grunt_temple_overflow_open,
          minmay_temple_entry_statues_pillars, lemuel_flame_loot_1, uniq_ijyb
D:6:      layout_basic, mainiacjoe_overflow_catwalk_spiral,
          gammafunk_ghost_abyssal_escape

Skill      XL: |  1  2  3  4  5  6 |
---------------+-------------------+-----
Shapeshifting  | 5 6 |  6.0
Fighting       | 1 2 |  2.1
Dodging        | 3 4 |  4.3
Stealth        | 1 3 |  3.9
Unarmed Combat | 3 |  3.2

Action                     |  1- 3 |  4- 6 || total
---------------------------+-------+-------++-------
  Melee: Unarmed           |    61 |   172 ||   233
         Punch             |     2 |     2 ||     4
  Throw: Stone             |     2 |       ||     2
Ability: Lunge             |       |     6 ||     6
         Whirlwind         |       |     4 ||     4
  Evoke: Wand              |       |     8 ||     8
    Use: Scroll            |     4 |     4 ||     8
         Potion            |     1 |     1 ||     2
   Stab: Sleeping          |     2 |     5 ||     7
 Armour: Animal skin       |     3 |    14 ||    17
         Skin              |     9 |    21 ||    30
  Dodge: Dodged            |    33 |   137 ||   170

Table legend: (Time is in decaauts)
 A = Elapsed time spent in this place.
 B = Non-inter-level travel time spent in this place.
 C = Inter-level travel time spent in this place.
 D = Time resting spent in this place.
 E = Time spent auto-exploring this place.
 F = Levels seen in this place.
 G = Mean time per level.
                   A        B        C        D        E       F      G
               +--------+--------+--------+--------+--------+-----+--------+
         Total |   2507 |   2418 |     89 |    110 |   1758 |   6 |  417.8 |
       Dungeon |   2507 |   2418 |     89 |    110 |   1758 |   6 |  417.8 |
               +--------+--------+--------+--------+--------+-----+--------+

Top non-repeatable levels by time:
     D:2: 702 daAuts
     D:3: 576 daAuts
     D:5: 468 daAuts
     D:1: 460 daAuts
     D:6: 211 daAuts
     D:4: 89 daAuts
